 Dungeon Crawl Stone Soup version 0.31-a0-702-gf82c85558f (webtiles) character file.

Game seed: 13181791107934277624

14070 qw the Skirmisher (level 12, -14/80 HPs)
             Began as a Gargoyle Hunter on Sept 7, 2023.
             Was a Priest of Okawaru.
             Demolished by a large abomination (17 damage)
             ... in a Gauntlet.
             The game lasted 00:04:45 (10320 turns).

qw the Skirmisher (Gargoyle Hunter)                Turns: 10320, Time: 00:04:46

Health: -14/80     AC: 23    Str: 16      XL:     12   Next: 12%
Magic:  14/15      EV: 21    Int:  8 (10) God:    Okawaru [***...]
Gold:   622        SH:  0    Dex: 19 (22) Spells: 11/11 levels left

rFire   . . .        Y - +1 shortbow (drain)
rCold   . . .        (shield currently unavailable)
rNeg    + + +        o - +3 ring mail "Arom" {Str+3}
rPois   inf          (no helmet)
rElec   +            (no cloak)
rCorr   +            f - +1 pair of gloves "Irphy" {rN+ Str-3 Dex+5}
SInv    .            m - +2 pair of slick slippers {slick, slippery, EV+4}
Will    +....        (no amulet)
Stlth   +++          l - ring of positive energy
HPRegen 0.33/turn    q - ring of the Burgomaster {Fly Will+ rCorr}
MPRegen 0.14/turn

%: no teleportation
@: heroic, flying
A: sickness immunity, AC +8, negative energy resistance 1, electricity
resistance, torment resistance 1, petrification resistance
a: Renounce Religion, Heroism


You were in a Gauntlet.
You worshipped Okawaru.
Okawaru was most pleased with you.
You visited 3 branches of the dungeon, and saw 12 of its levels.
You also visited: Gauntlet.

You collected 622 gold pieces.


Innate Abilities, Weirdness & Mutations

You are immune to sickness and miasma.
Your stone body is resilient. (AC +8)
You are immune to poison.
You resist negative energy. (rN+)
You are resistant to electric shocks. (rElec)
You are resistant to unholy torment.
You are immune to petrification.


   Skills:
 + Level 11.3(16.3) Fighting
 - Level 14.0(19.0) Ranged Weapons
 - Level 5.1(10.1) Armour
 - Level 6.1(11.1) Dodging
 - Level 1.1(6.1) Stealth
 - Level 4.0 Invocations


You had 11 spell levels left.
You didn't know any spells.
Your spell library was empty.

Inventory:

Hand Weapons
 Y - a +1 shortbow of draining (weapon)
Armour
 f - the +1 pair of gloves "Irphy" (worn) {rN+ Str-3 Dex+5}
   (You found it on level 4 of the Dungeon)

   Str-3:     It affects your strength (-3).
   Dex+5:     It affects your dexterity (+5).
   rN+:       It protects you from negative energy.
 m - the +2 pair of slick slippers (worn) {slick, slippery, EV+4}
   (You acquired it on level 6 of the Dungeon)

   Slick:     Its wearer cannot be constricted, engulfed, netted or webbed.
   Slippery:  Its wearer slips away from damaging melee attacks, pulling the
   attacker onward.
   EV+4:      It affects your evasion (+4).
 o - the +3 ring mail "Arom" (worn) {Str+3}
   (You found it on level 8 of the Dungeon)

   Str+3:     It affects your strength (+3).
Jewellery
 i - a ring of positive energy
 l - a ring of positive energy (left hand)
 q - the ring of the Burgomaster (right hand) {Fly Will+ rCorr}
   (You found it on level 9 of the Dungeon)

   [ring of willpower]

   Will+:     It increases your willpower.
   Fly:       It grants you flight.
   rCorr:     It protects you from acid and corrosion.
Wands
 k - a wand of digging (5)
Scrolls
 a - 3 scrolls of teleportation
 g - a scroll of identify
Potions
 b - a potion of magic {unknown}
 c - a potion of haste
 d - a potion of curing
 e - 3 potions of might
 h - a potion of enlightenment {unknown}
 j - a potion of mutation {unknown}
 n - a potion of resistance {unknown}
 p - a potion of ambrosia {unknown}

Dungeon Overview and Level Annotations

Branches:
Dungeon (9/15)             Temple (1/1) D:7            Lair (2/5) D:9
Gauntlet (1/1)
  Swamp: Lair:2-3    Shoals: Lair:2-3     Snake: Lair:2-3    Spider: Lair:2-3
    Orc: D:9-12

Altars:
Cheibriados
Elyvilon
Fedhas
Gozag
Hepliaklqana
Kikubaaqudgha
Makhleb
Nemelex Xobeh
Okawaru
Qazlal
Ru
Sif Muna
Trog
Uskayaw
Vehumet
Wu Jian
Xom
Yredelemnul
Zin
The Shining One

Annotations:
D:2 1 runed translucent door, Crazy Yiuf
D:3 3 runed translucent doors, qw's ghost, amateur GrHu Gauntlet 7 transporters


Message History

The large abomination hits you.
10314 |||
Found retreat position at 1,-1 (large abomination; floor) with 0 blocking monsters and 1 monsters attacking at destination at distance 1 You shoot an arrow.
The arrow barely misses the large abomination.
The small abomination closely misses you. x2
10315 |||
Found retreat position at 1,-1 (large abomination; floor) with 0 blocking monsters and 1 monsters attacking at destination at distance 1 You shoot an arrow.
The arrow hits the large abomination!
The large abomination is heavily damaged.
The large abomination closely misses you. x2
The small abomination closely misses you.
10316 |||
Found retreat position at 1,-1 (large abomination; floor) with 0 blocking monsters and 1 monsters attacking at destination at distance 1 You shoot an arrow.
The arrow hits the large abomination but does no damage.
The large abomination is heavily damaged.
The large abomination completely misses you.
The small abomination completely misses you.
The large abomination barely misses you.
10317 |||
Found retreat position at 1,-1 (large abomination; floor) with 0 blocking monsters and 1 monsters attacking at destination at distance 1 You shoot an arrow.
The arrow hits the large abomination but does no damage.
The large abomination is heavily damaged.
The large abomination completely misses you.
The small abomination hits you but does no damage.
The small abomination completely misses you.
10318 |||
Found retreat position at 1,-1 (large abomination; floor) with 0 blocking monsters and 1 monsters attacking at destination at distance 1 You shoot an arrow.
The arrow hits the large abomination!
The large abomination is severely damaged.
The large abomination completely misses you. x2
The small abomination hits you.
10319 |||
Found retreat position at 1,-1 (large abomination; floor) with 0 blocking monsters and 1 monsters attacking at destination at distance 1 You shoot an arrow.
The arrow closely misses the large abomination.
The large abomination closely misses you.
The obsidian statue slips into the dungeon's darkness for a moment.
The small abomination hits you but does no damage.
10320 |||
Found retreat position at 1,-1 (large abomination; floor) with 0 blocking monsters and 1 monsters attacking at destination at distance 1 You shoot an arrow.
The arrow hits the large abomination!
The large abomination is almost destroyed.
The large abomination hits you!
You die...

### ### ### ### ### ###
##~###~###~###~###~###~##
#~~~#~~~#~~~#~~~#~~~#~~~#
##~......................
##.#########...#########
##~.##..##.##.}.#...##..# ##.
#~~.#/##..#.#...###...#.# ....
##~.#.#X#X#.#####?.#..#.#
##.}. ##.#x#x@#.##^.^#k=#^#..#
.....##..#".#x##X#.}.#k#..#..#
#.}.#...#$X##X.##...#.#...###
#...#.\.###..##.#.}.#8.##k..#
#.^.#...#########...#########
#...#.}.....#.....}.#........
#.^.#...#########...#########
#...#.\.#......8#.}.##.#.#%##
#.}.#...#"[.##..#...#[#.#)#.#


You could see an obsidian statue, 3 large abominations and 2 small abominations.

Vanquished Creatures
  3 death yaks (D:9)
  A necromancer (Gauntlet)
  An oklob plant (Gauntlet)
  2 black mambas
  A torpor snail (Lair:1)
  2 cane toads (Lair:1)
  2 rime drakes
  5 blink frogs (Lair:2)
  2 shadows (D:9)
  A steam dragon (D:8)
  9 yaks
  A basilisk (Lair:2)
  Grum (D:8)
  An acid dragon (Gauntlet)
  6 water moccasins
  An ice beast (D:7)
  4 black bears
  5 sky beasts
  3 orc warriors
  23 wolves
  An ogre (D:5)
  A phantom (D:5)
  3 kobold brigands
  7 bullfrogs
  2 scorpions
  10 wights
  4 killer bees (D:9)
  A howler monkey (D:6)
  An electric eel (D:9)
  10 hounds
  6 orc priests
  2 jellies (D:6)
  A gnoll bouda (D:5)
  2 iguanas (D:5)
  Ijyb (D:5)
  9 orc wizards
  A small abomination (Gauntlet)
  10 adders
  6 gnolls
  A worm (D:2)
  2 dart slugs
  24 orcs
  7 ball pythons
  4 bats
  9 endoplasms
  4 giant cockroaches
  7 goblins
  7 hobgoblins
  3 quokkas
  A frilled lizard (D:2)
  22 kobolds
  4 rats
247 creatures vanquished.

Notes
Turn   | Place    | Note
-------+----------+-------------------------------------------
     0 | D:1      | qw the Gargoyle Hunter began the quest for the Orb.
     0 | D:1      | Reached XP level 1. HP: 12/12 MP: 1/1
     0 | D:1      | 0 ||| qw: Version: 0.3-a-76-g4403597
     0 | D:1      | 0 ||| qw: Game counter: 770
     0 | D:1      | 0 ||| qw: Melee chars always use a shield: true
     0 | D:1      | 0 ||| qw: God list: Okawaru
     0 | D:1      | 0 ||| qw: Allow faded altars: false
     0 | D:1      | 0 ||| qw: Do Orc after clearing Dungeon:15 true
     0 | D:1      | 0 ||| qw: Do second Lair branch before Depths: true
     0 | D:1      | 0 ||| qw: Lair rune preference: random
     0 | D:1      | 0 ||| qw: Goals: Normal
     0 | D:1      | 0 ||| PLANNING D:1-11
   138 | D:1      | Reached XP level 2. HP: 17/17 MP: 2/2
   402 | D:1      | Found a faded altar of an unknown god.
   597 | D:1      | Reached XP level 3. HP: 21/21 MP: 3/3
   666 | D:1      | Reached skill level 5 in Ranged Weapons
   716 | D:1      | 716 ||| READING 2 scrolls labelled DILUIJ NOSS.
   719 | D:1      | 719 ||| READING scroll labelled OCATWARRERYT.
   720 | D:1      | 720 ||| READING scroll labelled RUEFUB OVVEGIN.
   737 | D:1      | 737 ||| READING scroll labelled JIWOJAYCLO.
   738 | D:1      | 738 ||| READING scroll labelled MUTIURCH MUYSOKH.
   739 | D:1      | 739 ||| READING scroll labelled PAHUTEIGHE.
   740 | D:1      | 740 ||| DROPPING scroll of butterflies.
   865 | D:2      | Noticed a scorpion
   881 | D:2      | Killed a scorpion
   882 | D:2      | Reached XP level 4. HP: 29/29 MP: 4/4
  1075 | D:2      | Reached XP level 5. HP: 33/33 MP: 5/5
  1236 | D:2      | Found a runed translucent door.
  1237 | D:2      | Noticed Crazy Yiuf
  1397 | D:2      | 1397 ||| UPGRADING to +0 ring mail.
  1407 | D:2      | 1407 ||| DROPPING +0 leather armour.
  1408 | D:2      | 1408 ||| DRINKING 2 orange potions.
  1434 | D:2      | 1434 ||| DROPPING potion of lignification.
  1582 | D:3      | Reached skill level 1 in Armour
  1808 | D:3      | Found a runed translucent gate.
  1810 | D:3      | Noticed qw's ghost (amateur GrHu)
  1812 | D:3      | Found a runed translucent gate.
  1812 | D:3      | Found a runed translucent gate.
  2314 | D:3      | 2314 ||| UPGRADING to +0 pair of gloves.
  2319 | D:3      | 2319 ||| READING scroll labelled SAUFFY GAMYGIT.
  2320 | D:3      | 2320 ||| READING scroll labelled PAIGRA YLIKK.
  2321 | D:3      | 2321 ||| DRINKING 2 bubbling ruby potions.
  2573 | D:4      | Noticed a black bear
  2580 | D:4      | Killed a black bear
  2581 | D:4      | Reached skill level 6 in Ranged Weapons
  2581 | D:4      | Reached XP level 6. HP: 38/38 MP: 6/6
  2713 | D:4      | Identified the +1 pair of gloves "Irphy" {rN+ Str-3 Dex+5}
  2767 | D:4      | 2767 ||| Stepping ~*~*~tactically~*~*~ (outnumbered).
  3258 | D:4      | 3258 ||| UPGRADING to +1 pair of gloves "Irphy" {rN+ Str-3
                  | Dex+5}.
  3268 | D:4      | 3268 ||| DROPPING +0 pair of gloves.
  3269 | D:4      | 3269 ||| READING 2 scrolls of identify.
  3269 | D:4      | 3269 ||| IDENTIFYING bubbling purple potion
  3298 | D:5      | Entered Level 5 of the Dungeon
  3311 | D:5      | Reached skill level 7 in Ranged Weapons
  3622 | D:5      | Reached XP level 7. HP: 43/43 MP: 7/7
  3758 | D:5      | Noticed Ijyb
  3767 | D:5      | Killed Ijyb
  4011 | D:5      | Reached skill level 8 in Ranged Weapons
  4095 | D:5      | 4095 ||| Stepping ~*~*~tactically~*~*~ (outnumbered).
  4326 | D:5      | 4326 ||| UPGRADING to ring of positive energy.
  4327 | D:5      | 4327 ||| READING scroll labelled XOLEPR CEADOASHROMO.
  4328 | D:5      | 4328 ||| READING scroll labelled FEBETS WUDAXTI.
  4329 | D:5      | 4329 ||| READING 2 scrolls labelled VIYNUD QAANOPP.
  4330 | D:5      | 4330 ||| READING scroll labelled ACAYFU IKLIBI.
  4331 | D:5      | 4331 ||| DROPPING scroll of amnesia.
  4393 | D:6      | Reached XP level 8. HP: 42/49 MP: 8/8
  4425 | D:6      | 4425 ||| Stepping ~*~*~tactically~*~*~ (retreating).
  4427 | D:6      | 4427 ||| Stepping ~*~*~tactically~*~*~ (retreating).
  4428 | D:6      | 4428 ||| Stepping ~*~*~tactically~*~*~ (retreating).
  4429 | D:6      | 4429 ||| Stepping ~*~*~tactically~*~*~ (retreating).
  4430 | D:6      | 4430 ||| Stepping ~*~*~tactically~*~*~ (retreating).
  4437 | D:6      | 4437 ||| Stepping ~*~*~tactically~*~*~ (retreating).
  4438 | D:6      | 4438 ||| Stepping ~*~*~tactically~*~*~ (retreating).
  4440 | D:6      | 4440 ||| Stepping ~*~*~tactically~*~*~ (retreating).
  4442 | D:6      | HP: 8/49 [wight/+0 spear (8)]
  4443 | D:6      | 4443 ||| READING 2 scrolls of teleportation.
  4444 | D:6      | HP: 1/49 [wight/+4 flail (3)]
  4668 | D:6      | 4668 ||| Stepping ~*~*~tactically~*~*~ (outnumbered).
  4715 | D:6      | Reached skill level 9 in Ranged Weapons
  4787 | D:6      | Reached skill level 6 in Fighting
  5165 | D:6      | Reached skill level 10 in Ranged Weapons
  5173 | D:6      | Reached XP level 9. HP: 50/55 MP: 9/9
  5279 | D:6      | Reached skill level 3 in Dodging
  5603 | D:6      | 5603 ||| READING scroll labelled SOTAV BOGIROSS.
  5603 | D:6      | Identified a scroll of acquirement
  5603 | D:6      | 5603 ||| ACQUIRING +2 pair of slick slippers {slick,
                  | slippery, EV+4}
  5603 | D:6      | Acquired the +2 pair of slick slippers {slick, slippery,
                  | EV+4}
  5603 | D:6      | Found the +2 pair of slick slippers {slick, slippery, EV+4}
  5605 | D:6      | 5605 ||| UPGRADING to +2 pair of slick slippers {slick,
                  | slippery, EV+4}.
  5610 | D:6      | 5610 ||| DRINKING 2 red potions.
  5611 | D:6      | 5611 ||| DROPPING potion of attraction.
  5704 | D:7      | Found a staircase to the Ecumenical Temple.
  5705 | D:7      | 5705 ||| PLANNING TEMPLE
  5715 | Temple   | Entered the Ecumenical Temple
  5716 | Temple   | 5716 ||| PLANNING OKAWARU WORSHIP
  5725 | Temple   | Became a worshipper of Warmaster Okawaru
  5726 | Temple   | 5726 ||| PLANNING D:1-11
  6062 | D:7      | Reached * piety under Okawaru
  6063 | D:7      | Reached skill level 11 in Ranged Weapons
  6207 | D:7      | Reached skill level 1 in Invocations
  6208 | D:7      | 6208 ||| INVOKING Heroism.
  6209 | D:7      | 6209 ||| Stepping ~*~*~tactically~*~*~ (outnumbered).
  6213 | D:7      | 6213 ||| INVOKING Heroism.
  6214 | D:7      | 6214 ||| Stepping ~*~*~tactically~*~*~ (outnumbered).
  6313 | D:7      | Reached skill level 3 in Armour
  6655 | D:8      | Identified the +3 ring mail "Arom" {Str+3}
  6741 | D:8      | Reached skill level 3 in Invocations
  6741 | D:8      | Reached XP level 10. HP: 64/64 MP: 10/12
  6809 | D:8      | Noticed Grum
  6810 | D:8      | 6810 ||| INVOKING Heroism.
  6812 | D:8      | 6812 ||| RETREATING.
  6817 | D:8      | 6817 ||| Stepping ~*~*~tactically~*~*~ (retreating).
  6821 | D:8      | Killed Grum
  7187 | D:8      | 7187 ||| INVOKING Heroism.
  7197 | D:8      | 7197 ||| Stepping ~*~*~tactically~*~*~ (cloud).
  7356 | D:8      | 7356 ||| UPGRADING to +3 ring mail "Arom" {Str+3}.
  7366 | D:8      | 7366 ||| DROPPING +0 ring mail.
  7367 | D:8      | 7367 ||| READING scroll labelled LEHUFE HOASMIE.
  7368 | D:8      | 7368 ||| READING 2 scrolls of identify.
  7368 | D:8      | 7368 ||| IDENTIFYING amethyst potion
  7396 | D:9      | 7396 ||| INVOKING Heroism.
  7502 | D:9      | Reached skill level 12 in Ranged Weapons
  7509 | D:9      | 7509 ||| RETREATING.
  7515 | D:9      | 7515 ||| Stepping ~*~*~tactically~*~*~ (retreating).
  7521 | D:9      | Noticed a death yak
  7522 | D:9      | 7522 ||| Stepping ~*~*~tactically~*~*~ (retreating).
  7525 | D:9      | 7525 ||| Stepping ~*~*~tactically~*~*~ (retreating).
  7526 | D:9      | 7526 ||| Stepping ~*~*~tactically~*~*~ (retreating).
  7527 | D:9      | 7527 ||| Stepping ~*~*~tactically~*~*~ (retreating).
  7528 | D:9      | 7528 ||| Stepping ~*~*~tactically~*~*~ (retreating).
  7529 | D:9      | 7529 ||| Stepping ~*~*~tactically~*~*~ (retreating).
  7530 | D:9      | 7530 ||| Stepping ~*~*~tactically~*~*~ (retreating).
  7531 | D:9      | 7531 ||| Stepping ~*~*~tactically~*~*~ (retreating).
  7533 | D:9      | 7533 ||| Stepping ~*~*~tactically~*~*~ (retreating).
  7534 | D:9      | 7534 ||| INVOKING Heroism.
  7538 | D:9      | Noticed a death yak
  7542 | D:9      | Noticed a death yak
  7561 | D:9      | Found a staircase to the Lair.
  7562 | D:9      | 7562 ||| INVOKING Heroism.
  7563 | D:9      | Killed a death yak
  7574 | D:9      | Killed a death yak
  7574 | D:9      | Reached ** piety under Okawaru
  7575 | D:9      | 7575 ||| RETREATING.
  7579 | D:9      | Killed a death yak
  7580 | D:9      | Reached skill level 13 in Ranged Weapons
  7586 | D:9      | Reached XP level 11. HP: 43/68 MP: 14/14
  7600 | D:9      | Reached skill level 9 in Fighting
  7604 | D:9      | 7604 ||| INVOKING Heroism.
  7836 | D:9      | 7836 ||| Stepping ~*~*~tactically~*~*~ (outnumbered).
  7838 | D:9      | 7838 ||| FLEEEEING.
  7839 | D:9      | 7839 ||| FLEEEEING.
  7840 | D:9      | 7840 ||| FLEEEEING.
  7841 | D:9      | 7841 ||| FLEEEEING.
  7927 | D:9      | Found a snail-covered altar of Cheibriados.
  7935 | D:9      | Found an opulent altar of Gozag.
  7988 | D:9      | 7988 ||| INVOKING Heroism.
  8120 | D:9      | 8120 ||| INVOKING Heroism.
  8210 | D:9      | 8210 ||| INVOKING Heroism.
  8235 | D:9      | Identified the ring of the Burgomaster {Fly Will+ rCorr}
  8606 | D:9      | 8606 ||| PLANNING LAIR
  8606 | D:9      | 8606 ||| UPGRADING to ring of the Burgomaster {Fly Will+
                  | rCorr}.
  8607 | D:9      | 8607 ||| READING 2 scrolls labelled VOTHRU SIEKKONU.
  8608 | D:9      | 8608 ||| DROPPING scroll of immolation.
  8637 | Lair:1   | Entered Level 1 of the Lair of Beasts
  8661 | Lair:1   | 8661 ||| RETREATING.
  8762 | Lair:1   | 8762 ||| INVOKING Heroism.
  8766 | Lair:1   | 8766 ||| RETREATING.
  8776 | Lair:1   | 8776 ||| Stepping ~*~*~tactically~*~*~ (retreating).
  8777 | Lair:1   | 8777 ||| Stepping ~*~*~tactically~*~*~ (retreating).
  8778 | Lair:1   | 8778 ||| INVOKING Heroism.
  8917 | Lair:1   | 8917 ||| Stepping ~*~*~tactically~*~*~ (retreating).
  8926 | Lair:1   | Reached skill level 14 in Ranged Weapons
  8954 | Lair:1   | 8954 ||| INVOKING Heroism.
  8976 | Lair:1   | 8976 ||| RETREATING.
  8980 | Lair:1   | 8980 ||| Stepping ~*~*~tactically~*~*~ (retreating).
  8981 | Lair:1   | 8981 ||| Stepping ~*~*~tactically~*~*~ (retreating).
  8982 | Lair:1   | 8982 ||| Stepping ~*~*~tactically~*~*~ (retreating).
  8983 | Lair:1   | 8983 ||| Stepping ~*~*~tactically~*~*~ (retreating).
  8984 | Lair:1   | 8984 ||| Stepping ~*~*~tactically~*~*~ (retreating).
  9005 | Lair:1   | Reached *** piety under Okawaru
  9217 | Lair:1   | 9217 ||| INVOKING Heroism.
  9256 | Lair:1   | 9256 ||| INVOKING Heroism.
  9456 | Lair:2   | 9456 ||| PLANNING GAUNTLET
  9611 | Lair:2   | 9611 ||| INVOKING Heroism.
  9658 | Lair:2   | 9658 ||| RETREATING.
  9659 | Lair:2   | 9659 ||| INVOKING Heroism.
  9678 | Lair:2   | 9678 ||| Stepping ~*~*~tactically~*~*~ (retreating).
  9679 | Lair:2   | 9679 ||| Stepping ~*~*~tactically~*~*~ (retreating).
  9680 | Lair:2   | 9680 ||| Stepping ~*~*~tactically~*~*~ (retreating).
  9681 | Lair:2   | 9681 ||| INVOKING Heroism.
  9694 | Lair:2   | 9694 ||| Stepping ~*~*~tactically~*~*~ (retreating).
  9704 | Lair:2   | 9704 ||| Stepping ~*~*~tactically~*~*~ (retreating).
  9705 | Lair:2   | 9705 ||| Stepping ~*~*~tactically~*~*~ (retreating).
  9708 | Lair:2   | 9708 ||| Stepping ~*~*~tactically~*~*~ (retreating).
  9709 | Lair:2   | 9709 ||| Stepping ~*~*~tactically~*~*~ (retreating).
  9710 | Lair:2   | 9710 ||| Stepping ~*~*~tactically~*~*~ (retreating).
  9711 | Lair:2   | 9711 ||| Stepping ~*~*~tactically~*~*~ (retreating).
  9712 | Lair:2   | 9712 ||| Stepping ~*~*~tactically~*~*~ (retreating).
  9713 | Lair:2   | 9713 ||| RETREATING.
  9717 | Lair:2   | 9717 ||| INVOKING Heroism.
  9853 | Lair:2   | Found a gate leading to a gauntlet.
  9854 | Lair:2   | 9854 ||| DRINKING 2 blue potions.
  9855 | Lair:2   | 9855 ||| DROPPING potion of degeneration.
  9864 | Gauntlet | Entered a Gauntlet
  9864 | Gauntlet | Found a transporter.
  9864 | Gauntlet | Found a transporter.
  9868 | Gauntlet | Noticed a soul eater
  9875 | Gauntlet | Found a transporter.
  9879 | Gauntlet | Found a transporter.
  9888 | Gauntlet | Found a transporter.
  9892 | Gauntlet | Found a transporter.
  9896 | Gauntlet | Noticed a large abomination
  9900 | Gauntlet | Found a transporter.
  9900 | Gauntlet | Noticed a large abomination
  9920 | Gauntlet | Found a transporter.
  9938 | Gauntlet | Found a transporter.
  9942 | Gauntlet | Found a transporter.
  9942 | Gauntlet | Noticed a necromancer
  9950 | Gauntlet | Found a transporter.
  9954 | Gauntlet | Found a transporter.
  9960 | Gauntlet | Noticed an oklob plant
 10000 | Gauntlet | 10000 ||| INVOKING Heroism.
 10019 | Gauntlet | Killed an oklob plant
 10020 | Gauntlet | Reached XP level 12. HP: 61/80 MP: 15/15
 10132 | Gauntlet | 10132 ||| INVOKING Heroism.
 10133 | Gauntlet | Received a gift from Okawaru
 10134 | Gauntlet | Reached skill level 6 in Dodging
 10151 | Gauntlet | 10151 ||| INVOKING Heroism.
 10305 | Gauntlet | 10305 ||| INVOKING Heroism.
 10311 | Gauntlet | HP: 7/80 [large abomination (20)]
 10313 | Gauntlet | HP: 3/80 [large abomination (5)]
 10318 | Gauntlet | HP: 2/80 [small abomination (2)]
 10320 | Gauntlet | Demolished by a large abomination

Levels and vault maps discovered:
D:1:      onia_arrival_mini_spirals, layout_loops_ring, basic_ecumenical_altar
D:2:      layout_rooms, hex_large, uniq_crazy_yiuf_cottage
D:3:      layout_basic, biasface_ghost_orc_armoury
D:4:      layout_basic
D:5:      layout_gridville, chequers_hall_statues_wall_a, uniq_ijyb
D:6:      layout_loops_corners, supply_closet_lemuel, minmay_misc_feat_plants,
          grunt_ministairs_7, kennysheep_nondescript, minivault_1,
          minmay_chambers_of_fives
D:7:      layout_basic, minmay_temple_entry_fiery
D:8:      layout_basic, dk_noncrumbling_2, uniq_grum
D:9:      cheibrodos_helix_gallery, layout_stronghold,
          mainiacjoe_overflow_big_doors, dpeg_lair_monsters, fountainhead,
          nicolae_zen_rock_garden
Temple:   mainiacjoe_temple_bowtie_tessellation
Lair:1:   layout_hall_layers, chequers_serial_rivers_small_a,
          eino_small_chamber_without_monster
Lair:2:   layout_regular_city, gauntlet_entry_generic, grunt_megastairs_2,
          uniq_urug
Gauntlet: minmay_gauntlet_77_indecision [minmay_gauntlet_arena_77_hold_the_fort,
          minmay_gauntlet_arena_77_tiled_triplets,
          minmay_gauntlet_arena_77_squiggly, minmay_gauntlet_arena_77_checkered,
          minmay_gauntlet_arena_77_mess, minmay_gauntlet_arena_77_two_lines,
          nicolae_gauntlet_exit_dead_adventurers]

Skill      XL: |  1  2  3  4  5  6  7  8  9 10 11 12 |
---------------+-------------------------------------+-----
Ranged Weapons | 5 6 7 8 10 11 13 14 | 14.0
Fighting       | 4 5 6 8 11 | 11.3
Armour         | 1 2 3 5 |  5.1
Dodging        | 2 3 4 5 6 |  6.1
Invocations    | 3 4 |  4.0
Stealth        | |  1.1

Action                     |  1- 3 |  4- 6 |  7- 9 | 10-12 || total
---------------------------+-------+-------+-------+-------++-------
   Fire: Shortbow          |    74 |   133 |   385 |   509 ||  1101
 Invoke: Heroism           |       |       |     1 |    22 ||    23
    Use: Scroll            |     6 |     3 |     6 |     3 ||    18
         Potion            |       |     2 |     1 |     1 ||     4
 Armour: Leather armour    |    13 |     5 |       |       ||    18
         Ring mail         |       |    35 |   133 |   190 ||   358
         Skin              |       |       |     1 |       ||     1
  Dodge: Dodged            |    10 |    37 |   100 |   398 ||   545

Table legend:
 A = Non-vault XP
 B = Vault XP
 C = Vault XP percentage of total XP
 D = Non-vault monster count
 E = Vault monster count
 F = Vault count percentage of total count
                 A         B        C        D         E       F
            +---------+---------+-------+---------+---------+-------
      Total |   13133 |    6968 |  34.7 |     214 |      33 |  13.4
            +---------+---------+-------+---------+---------+-------
        D:1 |      39 |       0 |   0.0 |      21 |       0 |   0.0
        D:2 |     127 |       0 |   0.0 |      14 |       0 |   0.0
        D:3 |      66 |       0 |   0.0 |      20 |       0 |   0.0
        D:4 |     266 |       0 |   0.0 |      16 |       0 |   0.0
        D:5 |     573 |      36 |   5.9 |      21 |       1 |   4.5
        D:6 |    1252 |     449 |  26.4 |      35 |       7 |  16.7
        D:7 |    1733 |       0 |   0.0 |      26 |       0 |   0.0
        D:8 |     649 |     525 |  44.7 |       5 |       4 |  44.4
        D:9 |    1107 |    3884 |  77.8 |      21 |      11 |  34.4
     Lair:1 |    4586 |       0 |   0.0 |      24 |       0 |   0.0
     Lair:2 |    2735 |       0 |   0.0 |      11 |       0 |   0.0
   Gauntlet |       0 |    2074 | 100.0 |       0 |      10 | 100.0
            +---------+---------+-------+---------+---------+-------
